 Dungeon Crawl Stone Soup version 0.23.2-33-g5129a83184 (webtiles) character file.

Game seed: 4570718270957861997

8355 DildoBatman the Blocker (level 11, -1/72 (74) HPs)
             Began as a Formicid Wizard on Aug 11, 2019.
             Was an Elder of Kikubaaqudgha.
             Slain by an orc knight
             ... wielding a +0 glaive
              (25 damage)
             ... in a bailey on Aug 12, 2019.
             The game lasted 00:52:15 (9596 turns).

DildoBatman the Blocker (Formicid Wizard)           Turns: 9596, Time: 00:52:15

HP:   -1/72 (74)    AC:  6    Str: 11    XL:     11   Next: 54%
MP:   4/18          EV: 12    Int: 26    God:    Kikubaaqudgha [****..]
Gold: 583           SH: 10    Dex:  9    Spells: 2/19 levels left

rFire    . . .     SeeInvis +   a - +3 spear (freeze)
rCold    + . .     Gourm    .   D - +0 shield
rNeg     . . .     Faith    .   O - +2 robe {rC+}
rPois    .         Spirit   .   (helmet unavailable)
rElec    .         Reflect  .   E - +0 cloak
rCorr    .         Harm     .   h - +0 pair of gloves
MR       +....                  (no boots)
Stlth    ++........             (no amulet)
HPRegen  0.22/turn              q - +4 ring of intelligence
MPRegen  0.16/turn              (no ring)

@: no status effects
A: permanent stasis, dig shafts and tunnels, four strong arms, antennae 3
a: Dig, Shaft Self, Receive Corpses, Renounce Religion


You were in a bailey.
You worshipped Kikubaaqudgha.
Kikubaaqudgha was greatly pleased with you.
You were not hungry.

You visited 2 branches of the dungeon, and saw 11 of its levels.
You also visited: Sewer and Bailey.

You collected 583 gold pieces.

Inventory:

Hand Weapons
 a - a +3 spear of freezing (weapon)
 b - a +5 war axe
 c - a +0 blowgun
 d - a +1 scimitar of flaming
 m - a +0 hunting sling
Missiles
 i - 90 poisoned needles
 j - 162 arrows
 n - 4 tomahawks (quivered)
 o - 163 sling bullets
 r - 45 bolts
 s - 187 stones
 M - 2 throwing nets
Armour
 h - a +0 pair of gloves (worn)
 D - a +0 shield (worn)
 E - a +0 cloak (worn)
 O - a +2 robe of cold resistance (worn)
Jewellery
 q - a +4 ring of intelligence (left hand)
Wands
 A - a wand of paralysis (4)
 P - a wand of flame (18)
 Q - a wand of acid (6)
Scrolls
 e - a scroll of acquirement {unknown}
 f - 5 scrolls of fear
 p - 2 scrolls of enchant armour {unknown}
 x - a scroll of remove curse
 z - a scroll of identify
 G - 2 scrolls of enchant weapon
Potions
 g - a potion of invisibility {unknown}
 k - 8 potions of flight
 l - 5 potions of might
 t - 7 potions of heal wounds
 u - 2 potions of agility {unknown}
 F - 2 potions of magic {unknown}
 R - 4 potions of curing
Comestibles
 v - 20 rations
 T - 4 chunks of flesh


   Skills:
 * Level 2.6 Fighting
   Level 1.0 Short Blades
 * Level 2.3 Polearms
 * Level 2.5 Armour
 * Level 2.8 Dodging
 * Level 4.0 Stealth
 - Level 9.0 Shields
 * Level 4.7 Spellcasting
 - Level 6.2 Conjurations
 - Level 4.0 Charms
   Level 1.0 Summonings
 * Level 4.5 Necromancy
   Level 0.8 Translocations
 - Level 4.1 Fire Magic
 - Level 4.0 Air Magic
 - Level 8.0 Poison Magic
 * Level 5.1 Evocations


You had 2 spell levels left.
You knew the following spells:

 Your Spells              Type           Power        Failure   Level  Hunger
a - Conjure Flame         Conj/Fire      ####....     2%          3    ##.....
c - Magic Dart            Conj           ####         1%          1    None
d - Regeneration          Chrm/Necr      ####......   4%          3    ##.....
e - Mephitic Cloud        Conj/Pois/Air  #####...     1%          3    ##.....
h - Dispel Undead         Necr           ####....     32%         5    #####..
z - Sublimation of Blood  Necr           ####......   1%          2    None

Your spell library contained the following spells:

 Spells                   Type           Power        Failure   Level  Hunger
 Animate Skeleton         Necr           N/A          1%          1    None
 Pain                     Necr           ####         1%          1    None
 Sting                    Conj/Pois      ####         1%          1    None
 Poisonous Vapours        Pois/Air       #####.       1%          2    None
 Call Imp                 Summ           ##......     8%          2    None
 Slow                     Hex            #.......     12%         2    None
 Olgreb's Toxic Radiance  Pois           #####...     3%          4    ####...
 Animate Dead             Necr           N/A          12%         4    ####...
 Venom Bolt               Conj/Pois      #####.....   12%         5    #####..
 Agony                    Necr           ####....     32%         5    #####..
 Borgnjor's Vile Clutch   Necr/Erth      ###.......   65%         5    #####..
 Death Channel            Necr           ####......   88%         6    #######
 Blink                    Tloc           Unusable     N/A         2    N/A

Dungeon Overview and Level Annotations

Branches:
Dungeon (10/15)            Temple (1/1) D:7            Lair (0/6) D:9
    Orc: D:9-12

Altars:
Ashenzari
Cheibriados
Dithmenos
Elyvilon
Fedhas
Gozag
Hepliaklqana
Kikubaaqudgha
Makhleb
Nemelex Xobeh
Okawaru
Qazlal
Ru
Sif Muna
Trog
Uskayaw
Vehumet
Wu Jian
Xom
Yredelemnul
Zin
The Shining One

Shops:
D:7 }   D:9 }

Annotations:
D:6 3 runed translucent doors, AarnesTheHuman's ghost, amateur BaFi; EtherCrawl's ghost, novice GnWz; Kenran's ghost, novice MiFi
D:8 3 runed translucent doors, MalarOregon's ghost, novice MfIE


Innate Abilities, Weirdness & Mutations

You cannot be hasted, slowed, berserked, paralysed or teleported.
You can dig through walls and to a lower floor.
Your four strong arms can wield two-handed weapons with a shield.
You have a pair of large antennae on your head. (SInv)


Message History

The orc knight is engulfed in blazing flames.
The orc knight hits you with a +0 halberd!
You hit the orc knight but do no damage.
The orc knight is heavily wounded.
The orc knight is engulfed in blazing flames.
The orc knight hits you from afar with a +0 glaive!!
Casting: Conjure Flame (safe; 2% risk of failure)
Confirm with . or Enter, or press ? or * to list all spells.
Aiming: Mephitic Cloud (safe; 1% risk of failure)
Press: ? - help, Shift-Dir - straight line, f/p - orc knight
Aim: an orc knight, wielding a +0 halberd and wearing a +0 scale mail (flame, heavily wounded, confused)
Okay, then.
Aiming: Paralyse
Press: ? - help, Shift-Dir - straight line, f - orc knight, p - orc knight
Aim: an orc knight, wielding a +0 glaive and wearing a cursed +0 ring mail (flame, moderately wounded, chance to defeat MR: 44%)
The orc knight resists with some effort.
The orc knight is engulfed in blazing flames. x2
The orc knight hits you from afar with a +0 glaive!!
You die...
Kikubaaqudgha rasps: "You have failed me!
Welcome... death!"

##..≈≈≈≈≈≈≈..##
##..≈≈.)).)≈≈..##
##########..≈≈..###..≈≈..##
#..........≈≈..## ##..≈≈...
#.≈≈≈≈≈≈≈≈≈≈..##.∩.##..≈≈≈≈
#.≈..........##.....##.....
#.≈.#############+###'#####
#.≈.##...§.##.........##{
#.≈..##..§@#..≈≈≈≈§≈≈..##{
#.≈≈).##o##§.§§§....≈≈..##
##.≈≈..# #.o≈§§§⌠∩⌠..≈§..#
#∩.≈≈..# #..≈≈...⌠...§≈..#+
#.≈≈..## ##..§§§....§§§.##.
#.≈..## ##..§§≈≈≈≈≈..+#..
#.≈.##.$$ ##§§.......##...
#.≈.##### #####+#########
#.≈..##### ##.....


You could see 2 orc knights.

Vanquished Creatures
  Erica (D:9)
  Pikel (D:8)
  2 orc knights (Bailey)
  Joseph (D:7)
  Prince Ribbit (D:6)
  Grinder (D:6)
  Sigmund (D:4)
  A hippogriff (D:10)
  Eustachio (D:5)
  Grum (D:9)
  Menkaure (D:4)
  A water moccasin (D:6)
  Duvessa (D:3)
  3 slaves (D:8)
  4 orc warriors
  3 black bears
  5 ice beasts
  2 phantoms
  2 sky beasts
  4 wolves (D:9)
  A necrophage (D:9)
  2 ogres
  3 centaurs
  5 big kobolds
  7 bullfrogs
  3 scorpions
  Dowan (D:3)
  4 wights (D:6)
  4 howler monkeys
  4 crimson imps (D:5)
  A centaur zombie (D:5)
  A quasit (D:9)
  A bullfrog skeleton (D:9)
  A gnoll shaman (D:5)
  3 jellies
  2 centaur skeletons
  2 orc priests
  3 hounds
  7 orc wizards
  6 iguanas
  3 worker ants
  2 hound zombies (D:6)
  A hound skeleton (D:5)
  2 worker ant zombies (D:5)
  3 gnolls
  A howler monkey skeleton (D:8)
  12 adders
  A river rat (D:3)
  A shadow imp (D:6)
  2 oozes
  An adder zombie (D:9)
  3 adder skeletons
  2 dart slugs
  4 worms
  6 leopard geckos
  38 orcs
  A ball python (Sewer)
  15 bats
  7 giant cockroaches
  9 goblins
  11 hobgoblins
  3 jackals
  16 kobolds
  4 quokkas
  7 frilled lizards
  A giant cockroach zombie (D:5)
  A jackal skeleton (D:5)
  2 leopard gecko skeletons
  A leopard gecko zombie (D:7)
  A quokka skeleton (D:5)
  10 rats
269 creatures vanquished.

Vanquished Creatures (others)
  A slave (D:8)
  A bat (D:2)
  2 jackals (D:2)
  A fungus (Sewer)
  3 withered plants (D:6)
8 creatures vanquished.

Grand Total: 277 creatures vanquished

Notes
Turn   | Place    | Note
-------+----------+-------------------------------------------
     0 | D:1      | DildoBatman the Formicid Wizard began the quest for the
                  | Orb.
     0 | D:1      | Reached XP level 1. HP: 13/13 MP: 4/4
    88 | D:1      | Reached skill level 1 in Conjurations
   229 | D:1      | Reached XP level 2. HP: 4/19 MP: 0/6
   490 | D:1      | Reached XP level 3. HP: 17/24 MP: 1/7
   621 | D:1      | Learned a level 3 spell: Conjure Flame
   625 | D:1      | Learned a level 3 spell: Mephitic Cloud
  1357 | D:2      | Reached XP level 4. HP: 30/30 MP: 5/8
  1572 | D:2      | Found a radiant altar of Vehumet.
  2072 | D:3      | Reached XP level 5. HP: 21/35 MP: 0/9
  2275 | D:3      | Found a glowing drain.
  2295 | Sewer    | Entered a sewer
  2378 | Sewer    | Noticed a big kobold
  2408 | Sewer    | Killed a big kobold
  2408 | Sewer    | Reached skill level 5 in Conjurations
  2408 | Sewer    | Reached XP level 6. HP: 33/41 MP: 7/10
  2733 | Sewer    | Reached XP level 7. HP: 27/46 MP: 4/11
  3230 | D:4      | Noticed Menkaure
  3256 | D:4      | Noticed Duvessa
  3256 | D:4      | Noticed Dowan
  3422 | D:4      | Reached skill level 1 in Poison Magic
  3533 | D:4      | Reached skill level 1 in Fire Magic
  3533 | D:4      | Reached skill level 1 in Air Magic
  3809 | D:4      | Found an ancient bone altar of Kikubaaqudgha.
  3818 | D:4      | Became a worshipper of Kikubaaqudgha
  3895 | D:4      | Noticed Sigmund
  3929 | D:4      | Killed Sigmund
  3929 | D:4      | Reached XP level 8. HP: 44/52 MP: 3/12
  4021 | D:4      | Killed Menkaure
  4175 | D:3      | Killed Dowan
  4202 | D:3      | Killed Duvessa
  4241 | D:5      | Entered Level 5 of the Dungeon
  4296 | D:5      | Reached skill level 5 in Poison Magic
  4499 | D:5      | Noticed Eustachio
  4521 | D:5      | Killed Eustachio
  4561 | D:5      | Reached XP level 9. HP: 57/57 MP: 7/14
  4732 | D:5      | Found a sacrificial altar of Ru.
  4804 | D:5      | Reached skill level 1 in Short Blades
  4814 | D:5      | Found a deep blue altar of Sif Muna.
  4825 | D:5      | Reached * piety under Kikubaaqudgha
  4825 | D:5      | Identified Kikubaaqudgha's Reference Book on Darkness
                  | (Kikubaaqudgha gifted it to you on level 5 of the Dungeon)
  4825 | D:5      | Received a gift from Kikubaaqudgha
  4835 | D:5      | Learned a level 3 spell: Regeneration
  4838 | D:5      | Learned a level 2 spell: Sublimation of Blood
  5053 | D:5      | Found a burning altar of Makhleb.
  5110 | D:5      | Reached skill level 1 in Charms
  5110 | D:5      | Reached skill level 1 in Necromancy
  5693 | D:6      | Noticed Grinder
  5698 | D:6      | Killed Grinder
  5711 | D:6      | Noticed AarnesTheHuman's ghost (amateur BaFi)
  5826 | D:6      | Reached XP level 10. HP: 46/63 MP: 6/16
  5953 | D:6      | Reached skill level 1 in Evocations
  6047 | D:6      | Noticed EtherCrawl's ghost (novice GnWz)
  6048 | D:6      | Found a runed translucent gate.
  6048 | D:6      | Found a runed translucent gate.
  6048 | D:6      | Found a runed translucent gate.
  6049 | D:6      | Noticed Kenran's ghost (novice MiFi)
  6058 | D:6      | Reached ** piety under Kikubaaqudgha
  6104 | D:6      | Noticed Prince Ribbit
  6148 | D:6      | Killed Prince Ribbit
  6360 | D:7      | Noticed Joseph
  6371 | D:7      | Killed Joseph
  6399 | D:7      | Reached skill level 1 in Fighting
  6533 | D:7      | Reached skill level 1 in Armour
  6599 | D:7      | Reached skill level 1 in Polearms
  6753 | D:7      | Found a staircase to the Ecumenical Temple.
  6761 | Temple   | Entered the Ecumenical Temple
  7074 | D:7      | Found Cudi Joarch's Gadget Boutique.
  7583 | D:8      | Found a runed translucent gate.
  7584 | D:8      | Found a runed translucent gate.
  7584 | D:8      | Found an opulent altar of Gozag.
  7585 | D:8      | Found a runed translucent gate.
  7588 | D:8      | Noticed MalarOregon's ghost (novice MfIE)
  7588 | D:8      | Noticed a frost giant
  7588 | D:8      | Noticed a yaktaur
  8029 | D:8      | Found a shadowy altar of Dithmenos.
  8029 | D:8      | Noticed Pikel
  8037 | D:8      | Killed Pikel
  8037 | D:8      | Reached skill level 3 in Shields
  8133 | D:9      | Reached skill level 4 in Shields
  8183 | D:9      | Reached skill level 5 in Shields
  8302 | D:9      | Noticed Erica
  8357 | D:9      | Killed Erica
  8357 | D:9      | Reached skill level 7 in Shields
  8357 | D:9      | Reached XP level 11. HP: 68/72 MP: 10/17
  8410 | D:9      | Found a staircase to the Lair.
  8451 | D:9      | Reached *** piety under Kikubaaqudgha
  8451 | D:9      | Identified Kikubaaqudgha's Tome of Stolen Souls
                  | (Kikubaaqudgha gifted it to you on level 9 of the Dungeon)
  8451 | D:9      | Received a gift from Kikubaaqudgha
  8496 | D:9      | Found an opulent altar of Gozag.
  8621 | D:9      | Reached skill level 8 in Shields
  8641 | D:9      | Noticed Grum
  8647 | D:9      | Killed Grum
  8729 | D:9      | Found an ornate altar of the Wu Jian Council.
  8729 | D:9      | Found an opulent altar of Gozag.
  8745 | D:9      | Found a stormy altar of Qazlal.
  8747 | D:9      | Found a glowing silver altar of Zin.
  8748 | D:9      | Found a white marble altar of Elyvilon.
  8864 | D:9      | Found Toesul's Gadget Boutique.
  8881 | D:9      | Found a blossoming altar of Fedhas.
  8985 | D:10     | Entered Level 10 of the Dungeon
  9028 | D:10     | Reached skill level 9 in Shields
  9035 | D:10     | Learned a level 5 spell: Dispel Undead
  9255 | D:10     | Found a flagged portal.
  9319 | Bailey   | Entered a bailey
  9389 | Bailey   | Reached **** piety under Kikubaaqudgha
  9420 | Bailey   | Noticed an orc knight
  9560 | Bailey   | Noticed an orc knight
  9560 | Bailey   | Noticed an orc knight
  9563 | Bailey   | Killed an orc knight
  9563 | Bailey   | Reached skill level 5 in Evocations
  9563 | Bailey   | Killed an orc knight
  9582 | Bailey   | Noticed an orc knight
  9596 | Bailey   | Slain by an orc knight

Skill      XL: |  1  2  3  4  5  6  7  8  9 10 11 |
---------------+----------------------------------+-----
Conjurations   | 1 2 3 4 5 6 |  6.2
Poison Magic   | 3 5 8 |  8.0
Fire Magic     | 2 4 |  4.1
Air Magic      | 2 3 4 |  4.0
Short Blades   | 1 |  1.0
Spellcasting   | 4 |  4.7
Charms         | 3 4 |  4.0
Necromancy     | 3 4 |  4.5
Evocations     | 4 5 |  5.1
Dodging        | 2 |  2.8
Fighting       | 1 2 |  2.6
Armour         | 1 2 |  2.5
Stealth        | 3 4 |  4.0
Polearms       | 1 2 |  2.3
Shields        | 7 9 |  9.0
Summonings     | |  1.0
Translocations | |  0.8

Action                   |  1- 3 |  4- 6 |  7- 9 | 10-12 || total
-------------------------+-------+-------+-------+-------++-------
Melee: Unarmed           |     4 |       |       |       ||     4
       Halberd           |    23 |    13 |    62 |    38 ||   136
       Short sword       |       |   124 |    50 |       ||   174
       Rapier            |       |       |   110 |     6 ||   116
       Spear             |       |       |       |   301 ||   301
Throw: Tomahawk          |       |     4 |     4 |       ||     8
       Stone             |       |       |    36 |       ||    36
 Cast: Magic Dart        |    86 |    62 |   111 |    95 ||   354
       Mephitic Cloud    |       |    11 |    17 |    41 ||    69
       Conjure Flame     |       |     4 |    24 |    30 ||    58
       Regeneration      |       |       |     4 |     8 ||    12
       Sublimation of Bl |       |       |     1 |    11 ||    12
 Abil: Dig               |     2 |    15 |    11 |    12 ||    40
Evoke: Wand              |       |       |     5 |     3 ||     8
  Use: Scroll            |       |       |     6 |     3 ||     9
       Potion            |       |       |       |     1 ||     1
 Stab: Confused          |       |     8 |     4 |    19 ||    31
       Sleeping          |       |     2 |     1 |     1 ||     4
       Paralysed         |       |       |     2 |       ||     2
  Eat: Chunk             |     2 |     7 |    15 |    17 ||    41
Armor: Robe              |    21 |    27 |    33 |    24 ||   105
Dodge: Dodged            |    53 |    79 |   111 |    86 ||   329
Block: Shield            |       |       |       |    36 ||    36
